 Dungeon Sprint DCSS version 0.31-a0-1074-g0b22e4e0f1 (webtiles) character file.

Game seed: 3173487160413188118

292 bmb222 the Mimic (level 6, -14/39 HPs)
             Began as an Octopode Shapeshifter on Nov 30, 2023.
             Demolished by a slime creature (17 damage)
             ... in the Dungeon (Sprint I: "Red Sonja").
             The game lasted 00:01:26 (409 turns).

bmb222 the Mimic (Octopode Shapeshifter)             Turns: 409, Time: 00:01:26

Health: -14/39     AC:  1    Str: 16    XL:     6   Next: 33%
Magic:  6/6        EV: 14    Int: 12    God:
Gold:   332        SH:  0    Dex: 11    Spells: 5/5 levels left

rFire   . .          .
                       - Unarmed
rCold   . . .        (no shield)
rNeg    . . .        (helmet currently unavailable)
rPois   .            (no amulet)
rElec   .            (no ring)
rCorr   .            (no ring)
SInv    .            (no ring)
Will    .....        (no ring)
Stlth   ++++         (no ring)
HPRegen 0.26/turn    (no ring)
MPRegen 0.10/turn    (no ring)
                     (no ring)

%: no teleportation
@: beast-form
A: beast (slay +4), almost no armour, amphibious, 8 rings, camouflage 1,
gelatinous body 1, (nimble swimmer 1), tentacles
a: Begin Untransformation


You were in the Dungeon.
You were a hulking beast.
You visited 1 branch You collected 332 gold pieces.

Inventory:

Talismans
 b - a beast talisman
 c - a flux talisman
Wands
 j - a wand of roots (7)
Scrolls
 i - a scroll of blinking
Potions
 a - a potion of lignification
 d - a potion of curing
 e - a potion of heal wounds
 f - a potion of haste
 g - 2 potions of magic
 h - a potion of berserk rage


   Skills:
 + Level 2.0 Fighting
 + Level 4.4 Dodging
 * Level 5.3 Stealth
 + Level 8.1 Unarmed Combat
 + Level 8.3 Shapeshifting


You had 5 spell levels left.
You didn't know any spells.
Your spell library was empty.

Dungeon Overview and Level Annotations

Branches:
Dungeon (1/1)

Altars:
Cheibriados
Dithmenos
Gozag
Hepliaklqana
Kikubaaqudgha
Makhleb
Ru
Sif Muna
Uskayaw
Vehumet
Wu Jian
Xom
Yredelemnul
Jiyva
Lugonu

Shops:
D ?

Annotations:
D Sonja


Innate Abilities, Weirdness & Mutations

You are a hulking beast.
Your limbs bulge with bestial killing power. (Slay +4)
You cannot wear most types of armour.
You are amphibious.
You can wear up to eight rings at the same time.
Your skin changes colour to match your surroundings (Stealth+).
Your rubbery body absorbs attacks. (AC +1, EV +1)
((You are camouflaged when in or above water. (Stealth+)))
You have tentacles for arms and can constrict up to eight enemies at once.


Message History

Which direction?
Which direction?
You close the door.
You start waiting.
Done waiting.
You open the door.
Aiming: Fastroot
Press: ? - help, Shift-Dir - straight line, f - you
Okay, then.
Which direction?
You close the door.
You close the door.
You open the door. You open the door.
There is an open door here.
Which direction?
You close the door.
There is an open door here.
You open the door. 2 centaur warriors come into view.
The centaur warrior moves out of view. x2
Found a scroll labelled YDWOMYBYIKH and a scroll labelled GAYRHO XUGEE.
You close the door.
There is an open door here.
You open the door.
The slime creature quivers.
You tentacle-slap the slime creature. You squeeze the slime creature!
The slime creature is moderately wounded.
You bludgeon the slime creature! You squeeze the slime creature!
The slime creature is heavily wounded.
The slime creature hits you!
You bludgeon the slime creature! You squeeze the slime creature!
The slime creature is almost dead.
The slime creature hits you!!
Ouch! That really hurt!
* * * LOW HITPOINT WARNING * * *
You tentacle-slap the slime creature.
The slime creature is almost dead.
The slime creature hits you!
You die...

###################
#<.#.)').#.)'..#__#
#..'..#..'..#..J..+
#..#####'#####h#__# #
#..# #..#...#.####§§#
#..# ####..##.#~~~§c#
#..# ##'#_.+~§§§.+
#⌠⌠#_.∩..Y+..._#~~§§c#
####_..__##_.#'# +####


____ ##+#.# ### #.### $.$ You could see a slime creature.

Vanquished Creatures
  Sigmund (D)
  An ogre (D)
  A jelly (D)
  Ijyb (D)
4 creatures vanquished.

Notes
Turn   | Place    | Note
-------+----------+-------------------------------------------
     0 | D        | bmb222 the Octopode Shapeshifter began the quest for the
                  | Orb.
     0 | D        | Reached XP level 1. HP: 13/13 MP: 1/1
     1 | D        | Noticed Ijyb
     6 | D        | Killed Ijyb
     7 | D        | Reached XP level 2. HP: 9/18 MP: 2/2
     7 | D        | Reached XP level 3. HP: 11/23 MP: 3/3
   159 | D        | Noticed an ogre
   165 | D        | Killed an ogre
   166 | D        | Reached XP level 4. HP: 28/28 MP: 4/4
   175 | D        | Noticed Sigmund
   179 | D        | Killed Sigmund
   180 | D        | Reached XP level 5. HP: 32/34 MP: 5/5
   180 | D        | Reached XP level 6. HP: 36/39 MP: 6/6
   192 | D        | Found an ornate altar of the Wu Jian Council.
   192 | D        | Found a shimmering blue altar of Sif Muna.
   194 | D        | Found a radiant altar of Vehumet.
   200 | D        | Reached skill level 5 in Stealth
   264 | D        | Found Moqomud's Magic Scroll Emporium.
   264 | D        | Found an ancient bone altar of Kikubaaqudgha.
   264 | D        | Found a hazy altar of Hepliaklqana.
   264 | D        | Found a hide-covered altar of Uskayaw.
   264 | D        | Found a basalt altar of Yredelemnul.
   264 | D        | Found an opulent altar of Gozag.
   264 | D        | Found a snail-covered altar of Cheibriados.
   264 | D        | Found a sacrificial altar of Ru.
   264 | D        | Found a shadowy altar of Dithmenos.
   264 | D        | Noticed a yak
   268 | D        | Noticed Sonja
   286 | D        | Found a burning altar of Makhleb.
   286 | D        | Found a viscous altar of Jiyva.
   286 | D        | Found a shimmering altar of Xom.
   286 | D        | Found a corrupted altar of Lugonu.
   286 | D        | Noticed a slime creature
   400 | D        | Noticed a centaur warrior
   400 | D        | Noticed a centaur warrior
   409 | D        | Demolished by a slime creature

Illustrated notes

Levels and vault maps discovered:
D:        dungeon_sprint_1 [red_sonja_temple_1, red_sonja_temple_small_1]

Skill      XL: |  1  2  3  4  5  6 |
---------------+-------------------+-----
Unarmed Combat | 4 6 7 8 |  8.1
Shapeshifting  | 4 6 8 |  8.3
Dodging        | 3 4 |  4.4
Stealth        | 4 5 |  5.3
Fighting       | 2 |  2.0

Action                     |  1- 3 |  4- 6 || total
---------------------------+-------+-------++-------
  Melee: Unarmed           |     7 |     8 ||    15
         Tentacles         |     3 |     4 ||     7
         Constrict         |     1 |     1 ||     2
  Evoke: Wand              |     1 |       ||     1
   Stab: Sleeping          |       |     2 ||     2
 Armour: Skin              |     1 |     5 ||     6
  Dodge: Dodged            |     4 |       ||     4

Table legend: (Time is in decaauts)
 A = Elapsed time spent in this place.
 B = Non-inter-level travel time spent in this place.
 C = Inter-level travel time spent in this place.
 D = Time resting spent in this place.
 E = Time spent auto-exploring this place.
 F = Levels seen in this place.
 G = Mean time per level.
                   A        B        C        D        E       F      G
               +--------+--------+--------+--------+--------+-----+--------+
         Total |    407 |    407 |      0 |    300 |      0 |   1 |  407.0 |
       Dungeon |    407 |    407 |      0 |    300 |      0 |   1 |  407.0 |
               +--------+--------+--------+--------+--------+-----+--------+

Top non-repeatable levels by time:
       D: 407 daAuts
